 Dungeon Crawl Stone Soup version 0.31-a0-986-g5e6e4ef867 (webtiles) character file.

Game seed: 8883698055088842630

3668 gelatine the Firebug (level 9, -8/68 HPs)
             Began as a Demonspawn Wanderer on Nov 8, 2023.
             Was a Follower of Vehumet.
             Killed by divine providence
             ... invoked by an orc priest
              (13 damage)
             ... on level 8 of the Dungeon.
             The game lasted 00:27:10 (10029 turns).

gelatine the Firebug (Demonspawn Wanderer)         Turns: 10029, Time: 00:27:11

Health: -8/68      AC:  4    Str: 19    XL:     9   Next: 89%
Magic:  0/27       EV: 15    Int: 18    God:    Vehumet [*.....]
Gold:   351        SH:  0    Dex: 15    Spells: 5/20 levels left

rFire   . . .        r - +6 whip of the Iron City of Dis {heavy, rPois Will- Str+3}
rCold   . . .        (no shield)
rNeg    . . .        c - +0 robe
rPois   +            (no helmet)
rElec   .            d - +0 cloak
rCorr   .            A - +0 pair of gloves
SInv    .            (no boots)
Will    .....        q - amulet of guardian spirit
Stlth   ++           H - ring of magical power
HPRegen 0.31/turn    l - +6 ring of strength
MPRegen 0.20/turn

%: guardian spirit
@: no status effects
A: hooves 2, repulsion field 1, ignite blood 2
a: Renounce Religion


You were on level 8 of the Dungeon.
You worshipped Vehumet.
Vehumet was aware of your devotion.
You visited 2 branches of the dungeon, and saw 9 of its levels.

You collected 351 gold pieces.

Inventory:

Hand Weapons
 a - a +0 dagger
 r - the +6 whip of the Iron City of Dis (weapon) {heavy, rPois Will- Str+3}
   (You found it on level 4 of the Dungeon)

   Str+3:     It affects your strength (+3).
   rPois:     It protects you from poison Will-: It decreases your willpower.
 y - a +1 short sword of draining
 B - a +2 heavy hand axe
 D - a +0 dagger of protection
Missiles
 w - a throwing net
Armour
 c - a +0 robe (worn)
 d - a +0 cloak (worn)
 A - a +0 pair of gloves (worn)
Jewellery
 k - a +6 ring of dexterity
 l - a +6 ring of strength (right hand)
 o - a +6 ring of strength
 q - an amulet of guardian spirit (around neck)
 s - a ring of willpower
 H - a ring of magical power (left hand)
Wands
 u - a wand of polymorph (10)
 F - a wand of flame (24)
 I - a wand of paralysis (3)
Scrolls
 b - 2 scrolls of fog
 e - a scroll of teleportation
 f - 5 scrolls of identify
 h - a scroll of enchant weapon {unknown}
 m - 2 scrolls of amnesia {unknown}
 n - a scroll of noise {unknown}
 p - a scroll of brand weapon {unknown}
 v - a scroll of enchant armour {unknown}
 z - a scroll of blinking {unknown}
 G - a scroll of silence {unknown}
Potions
 g - 2 potions of curing
 i - a potion of berserk rage {unknown}
 t - 2 potions of enlightenment
 x - a potion of might {unknown}
 C - 2 potions of attraction {unknown}
 E - a potion of brilliance


   Skills:
 * Level 5.1 Fighting
 + Level 0.8 Short Blades
 + Level 0.9 Maces & Flails
 + Level 1.0 Armour
 + Level 3.9 Dodging
 + Level 2.1 Stealth
 + Level 6.2 Spellcasting
 + Level 5.2 Conjurations
 * Level 2.9 Hexes
 + Level 2.9 Translocations
 * Level 7.2 Fire Magic
 * Level 2.3 Evocations


You had 5 spell levels left.
You knew the following spells:

 Your Spells              Type           Power      Damage    Failure   Level
a - Foxfire               Conj/Fire      100%       2x1d9     1%          1
b - Volatile Blastmotes   Fire/Tloc      48%        2d14      4%          3
c - Inner Flame           Hex/Fire       24%        N/A       4%          3
d - Flame Wave            Conj/Fire      28%        2d9       9%          4
e - Sticky Flame          Conj/Fire      28%        2d5       9%          4

Your spell library contained the following spells:

 Spells                   Type           Power      Damage    Failure   Level
 Freeze                   Ice            20%        1d4       12%         1
 Apportation              Tloc           32%        N/A       3%          1
 Blink                    Tloc           32%        N/A       5%          2
 Gell's Gravitas          Tloc           16%        N/A       11%         3
 Ignite Poison            Fire/Tmut/Pois 14%        N/A       13%         3
 Cigotuvi's Dreadful Rot  Necr/Pois/Air  10%        N/A       19%         2
 Ozocubu's Armour         Ice            5%         N/A       34%         3
 Manifold Assault         Tloc           16%        N/A       34%         4
 Iskenderun's Battlesphe  Conj           24%        2d8       36%         5
 Freezing Cloud           Conj/Ice/Air   5%         6-21      85%         5
 Bombard                  Conj/Erth      7%         9d2       99%         6
 Haunt                    Necr/Summ      2%         N/A       100%        7
 Ozocubu's Refrigeration  Ice            2%         4d8       100%        7
 Spellforged Servitor     Conj/Summ      7%         N/A       100%        7
 Borgnjor's Revivificati  Necr           2%         N/A       100%        8
 Death's Door             Necr           2%         N/A       100%        9


Dungeon Overview and Level Annotations

Branches:
Dungeon (8/15)             Temple (1/1) D:6
   Lair: D:8-11

Altars:
Ashenzari
Cheibriados
Dithmenos
Fedhas
Gozag
Hepliaklqana
Makhleb
Nemelex Xobeh
Okawaru
Qazlal
Ru
Sif Muna
Uskayaw
Vehumet
Wu Jian
Xom
Yredelemnul

Annotations:
D:7 1 runed translucent door, Jeremiah; hikkokomori's ghost, novice HOFE


Innate Abilities, Weirdness & Mutations

You have hoof-like feet.
You are surrounded by a mild repulsion field. (EV +2)
Your demonic aura often causes spilled blood to erupt in flames.


Message History

The fiery explosion engulfs you!!
* * * LOW HITPOINT WARNING * * *
The fiery explosion engulfs the shadow imp!!!
You kill the shadow imp!
Vehumet accepts your kill.
You feel much better.
The orc priest begins to cast a cantrip, but forgets the words!
The orc priest begins to cast a cantrip, but forgets the words!
There is an open door here.
Casting: Inner Flame (dangerous; 4% risk of failure)
Confirm with . or Enter, or press ? or * to list all spells.
A cloud of volatile blastmotes flares up around you!
The orc priest begins to cast a cantrip, but forgets the words!
The cloud of blastmotes explodes!
The concussive blast engulfs the orc warrior!
The orc warrior is moderately wounded.
Casting: Volatile Blastmotes (dangerous; 4% risk of failure)
Confirm with . or Enter, or press ? or * to list all spells.
A cloud of volatile blastmotes flares up around you!
The orc priest mumbles some strange prayers to Beogh against you.
Beogh smites you!
* * * LOW HITPOINT WARNING * * *
The cloud of blastmotes explodes!
The concussive blast engulfs the orc warrior!
The orc warrior is severely wounded.
You hear a croak.
The orc warrior completely misses you.
The orc warrior attacks as it pursues you!
The orc warrior closely misses you.
Found a falchion.
The orc warrior attacks as it pursues you!
The orc warrior hits you from afar with a +0 glaive!!
* * * LOW HITPOINT WARNING * * *
Casting: Volatile Blastmotes (dangerous; 4% risk of failure)
Confirm with . or Enter, or press ? or * to list all spells.
You don't have enough magic to cast this spell.
There is an open door here.
The orc priest mumbles some strange prayers to Beogh against you.
Beogh smites you!
You die...

## .# ..### #.#..
#.#.## #########
###.... .......#
#.....#########......##
#...o.o.o.'@.)...'. #.#
#.#########......## #.#
#.# #o. ........# #)#
#o###.##o........# #.#
#.#.o.o'.).......# #)#
#.#.#.##...####### #.#
#o#.#.##... #.#
#.#.#o##...
##.###.#.#.#


You could see an orc warrior, an orc priest and an orc.

Vanquished Creatures
  Pikel (D:7)
  Sigmund (D:2)
  A wyvern (D:8)
  2 steam dragons
  A water moccasin (D:4)
  Duvessa (D:6)
  A black bear (D:5)
  2 ice beasts
  A sky beast (D:7)
  3 centaurs
  An ogre (D:6)
  4 lemures (D:7)
  A gnoll sergeant (D:8)
  3 bullfrogs
  2 scorpions
  3 wights (D:8)
  Dowan (D:6)
  4 howler monkeys
  4 jellies
  4 hounds
  2 orc priests
  A sleepcap (D:5)
  A gnoll bouda (D:6)
  3 iguanas
  Natasha (thrice) (D:2)
  5 orc wizards
  13 gnolls
  7 adders
  A shadow imp (D:8)
  3 white imps
  6 worms
  2 dart slugs
  20 orcs
  5 bats
  4 endoplasms
  4 giant cockroaches
  8 hobgoblins
  5 kobolds
  8 quokkas
  9 ball pythons
  5 frilled lizards
  3 goblins
  2 rats
161 creatures vanquished.

Vanquished Creatures (others)
  766 foxfires
766 creatures vanquished.

Grand Total: 927 creatures vanquished

Notes
Turn   | Place    | Note
-------+----------+-------------------------------------------
     0 | D:1      | gelatine the Demonspawn Wanderer began the quest for the
                  | Orb.
     0 | D:1      | gelatine set off with the following items: a +0 dagger, a
                  | scroll of fog, a +0 robe, a +0 cloak; and the following
                  | spells available to memorise: Foxfire, Apportation,
                  | Volatile Blastmotes, Gell's Gravitas, Flame Wave.
     0 | D:1      | Reached XP level 1. HP: 15/15 MP: 4/4
     2 | D:1      | Learned a level 1 spell: Foxfire
   233 | D:1      | Reached skill level 2 in Fire Magic
   233 | D:1      | Gained mutation: You have large cloven feet. [demonic
                  | ancestry]
   233 | D:1      | Reached XP level 2. HP: 15/21 MP: 0/6
  1216 | D:2      | Noticed Natasha
  1225 | D:2      | Killed Natasha
  1226 | D:2      | Gained mutation: Your demonic aura sometimes causes spilled
                  | blood to erupt in flames. [demonic ancestry]
  1226 | D:2      | Reached XP level 3. HP: 13/26 MP: 0/8
  1340 | D:2      | Found a shimmering blue altar of Sif Muna.
  1410 | D:2      | Noticed Sigmund
  1836 | D:2      | Killed Sigmund
  1837 | D:2      | Reached skill level 1 in Conjurations
  1837 | D:2      | Reached skill level 3 in Fire Magic
  1837 | D:2      | Gained mutation: You are surrounded by a mild repulsion
                  | field. (EV +2) [demonic ancestry]
  1837 | D:2      | Reached XP level 4. HP: 33/33 MP: 10/10
  1837 | D:2      | Reached XP level 5. HP: 38/38 MP: 11/11
  1870 | D:2      | Noticed Natasha
  1874 | D:2      | Killed Natasha
  2005 | D:2      | Found a faded altar of an unknown god.
  2158 | D:2      | Reached XP level 6. HP: 44/44 MP: 4/12
  2190 | D:2      | Noticed Natasha
  2195 | D:2      | Killed Natasha
  2811 | D:2      | Learned a level 3 spell: Volatile Blastmotes
  4070 | D:4      | Noticed a water moccasin
  4084 | D:4      | Killed a water moccasin
  4225 | D:4      | Reached XP level 7. HP: 39/51 MP: 10/13
  4557 | D:4      | Identified the +6 whip of the Iron City of Dis {heavy,
                  | rPois Will- Str+3}
  4801 | D:5      | Entered Level 5 of the Dungeon
  5033 | D:5      | Reached skill level 1 in Translocations
  5033 | D:5      | Reached skill level 4 in Fire Magic
  5461 | D:5      | Reached skill level 1 in Stealth
  5801 | D:6      | Gained mutation: Your demonic aura often causes spilled
                  | blood to erupt in flames. [demonic ancestry]
  5801 | D:6      | Reached XP level 8. HP: 58/58 MP: 10/15
  5827 | D:6      | Reached skill level 5 in Spellcasting
  5982 | D:6      | Noticed Duvessa
  6023 | D:6      | Killed Duvessa
  6166 | D:6      | Noticed Dowan
  6172 | D:6      | Killed Dowan
  6263 | D:6      | Found a staircase to the Ecumenical Temple.
  6270 | Temple   | Entered the Ecumenical Temple
  6320 | Temple   | Became a worshipper of Vehumet
  6398 | D:6      | Reached skill level 5 in Fire Magic
  7887 | D:7      | Learned a level 3 spell: Inner Flame
  7892 | D:7      | Learned a level 4 spell: Flame Wave
  7897 | D:7      | Learned a level 4 spell: Sticky Flame
  8338 | D:7      | Gained mutation: You have hoof-like feet. [demonic
                  | ancestry]
  8338 | D:7      | Reached XP level 9. HP: 65/65 MP: 9/17
  8340 | D:7      | Reached skill level 6 in Fire Magic
  8340 | D:7      | Reached skill level 1 in Evocations
  8345 | D:7      | Noticed Jeremiah
  8545 | D:7      | Found a runed translucent door.
  8545 | D:7      | Found a shimmering altar of Xom.
  8545 | D:7      | Noticed a +0 spear of chaos
  8548 | D:7      | Noticed hikkokomori's ghost (novice HOFE)
  8572 | D:7      | Noticed Pikel
  8574 | D:7      | Reached * piety under Vehumet
  8574 | D:7      | Offered knowledge of Freeze by Vehumet.
  8863 | D:7      | Killed Pikel
  8864 | D:7      | Reached skill level 5 in Conjurations
  8864 | D:7      | Reached skill level 1 in Hexes
  9430 | D:8      | Reached skill level 7 in Fire Magic
  9599 | D:8      | Reached skill level 5 in Fighting
 10029 | D:8      | Killed from afar by an orc priest

Illustrated notes

Levels and vault maps discovered:
D:1:      minmay_arrival_four_loops, layout_basic, reono_crystal_passage
D:2:      cheibrodos_pilgrimage, layout_loops_ring, serial_glass,
          glass_columns_c, glass_columns_b, glass_columns_a, glass_columns_c,
          due_unseen_surprise, item_on_display_a, feat_on_display,
          item_on_display_a, basic_altar, ebering_ecumenical_altar_webs,
          uniq_sigmund, uniq_natasha
D:3:      layout_loops_corners
D:4:      layout_rooms
D:5:      minmay_evil_eye, layout_gridville
D:6:      layout_basic, minmay_temple_entry_purple_smoke, uniq_duvessa
D:7:      layout_cave_pods, serial_glass, glass_columns_a, glass_columns_b,
          due_unseen_surprise, item_on_display_a, ebering_ghost_xom,
          uniq_jeremiah, uniq_pikel
D:8:      layout_basic, st_stairs_12
Temple:   nicolae_temple_slightly_damp_pantheon

Skill      XL: |  1  2  3  4  5  6  7  8  9 |
---------------+----------------------------+-----
Fire Magic     | 2 3 4 5 7 |  7.2
Dodging        | 3 |  3.9
Fighting       | 2 3 5 |  5.1
Spellcasting   | 4 5 6 |  6.2
Conjurations   | 1 2 4 5 |  5.2
Translocations | 1 2 |  2.9
Stealth        | 1 2 |  2.1
Evocations     | 2 |  2.3
Hexes          | 2 |  2.9
Short Blades   | |  0.8
Maces & Flails | |  0.9
Armour         | |  1.0

Action                     |  1- 3 |  4- 6 |  7- 9 || total
---------------------------+-------+-------+-------++-------
  Melee: Dagger            |    34 |    21 |       ||    55
         Kick              |     7 |     4 |    17 ||    28
         Whip              |       |       |    51 ||    51
   Cast: Foxfire           |    90 |   118 |   259 ||   467
         Volatile Blastmot |       |     2 |    26 ||    28
         Inner Flame       |       |       |    17 ||    17
    Use: Potion            |     6 |       |     1 ||     7
         Scroll            |       |     4 |       ||     4
 Armour: Robe              |    27 |    29 |    74 ||   130
  Dodge: Dodged            |    40 |    33 |    77 ||   150

Table legend: (Time is in decaauts)
 A = Elapsed time spent in this place.
 B = Non-inter-level travel time spent in this place.
 C = Inter-level travel time spent in this place.
 D = Time resting spent in this place.
 E = Time spent auto-exploring this place.
 F = Levels seen in this place.
 G = Mean time per level.
                   A        B        C        D        E       F      G
               +--------+--------+--------+--------+--------+-----+--------+
         Total |  10049 |   9706 |    343 |      0 |   8108 |   9 | 1116.6 |
       Dungeon |   9973 |   9702 |    271 |      0 |   8108 |   8 | 1246.6 |
        Temple |     75 |      3 |     72 |      0 |      0 |   1 |   75.0 |
               +--------+--------+--------+--------+--------+-----+--------+

Top non-repeatable levels by time:
     D:6: 1945 daAuts
     D:7: 1595 daAuts
     D:2: 1469 daAuts
     D:1: 1331 daAuts
     D:3: 1140 daAuts
     D:5: 969 daAuts
     D:4: 842 daAuts
     D:8: 678 daAuts
  Temple: 75 daAuts
